[Event "Live Chess"]
[Site "Chess.com"]
[Date "2023.05.21"]
[Round "-"]
[White "jumush"]
[Black "JoshMcK"]
[Result "0-1"]
[WhiteElo "1741"]
[BlackElo "1573"]
[TimeControl "300"]
[EndTime "5:25:34 PDT"]
[Termination "JoshMcK won by resignation"]

1. e4 c6 2. d4 d5 3. exd5 cxd5 4.
Nf3 Nf6 5. Ne5 Nc6 6. Bb5 a6 7. Nxc6 bxc6 8. Bd3 e6 9. c4 Be7 10. O-O O-O 11. Nc3 Qc7 12. Be3 e5 13. c5 exd4 14. Bxd4 Ng4 15. g3 Nf6 16. Re1 Bd8 17. Qd2 Bh3 18.
f3 Nh5 19. Qf2 Qc8 20. Re2 Nf6 21. Rae1 Bc7 22. Bxf6 gxf6 23. Qd4 Be5 24. Qh4 Bf5 25. Bxf5 Qxf5 26. Kg2 Qg6 27. f4 Bxc3 28. bxc3 Rab8 29. Rf1 Rb5 30. f5 Qg5 31. Qd4 Rfb8 32. Rf4 Kf8 33. Qe3 Rb2 34. Qe7+ Kg8 35. h3 Rxe2+ 36. Qxe2 Kh8 37. Qxa6 Rg8 38. Qd3 Qxf4 0-1

[Event "Live Chess"]
[Site "Chess.com"]
[Date "2023.05.21"]
[Round "-"]
[White "LiamBellwood"]
[Black "BJAW87"]
[Result "1-0"]
[WhiteElo "1914"]
[BlackElo "1449"]
[TimeControl "300"]
[EndTime "5:25:39 PDT"]
[Termination "LiamBellwood won by checkmate"]

1. d4 Nf6 2. Nc3 g6 3. Bf4 Bg7 4. e4 O-O 5. Qd2 Re8 6. Bh6 Bh8 7. h4 d6 8. h5 Nxh5 9. Rxh5 gxh5 10. Qg5+ Bg7 11.
Qxg7# 1-0

[Event "Live Chess"]
[Site "Chess.com"]
[Date "2023.05.21"]
[Round "-"]
[White "defenderalist"]
[Black "Vitalii18a"]
[Result "1-0"]
[WhiteElo "1642"]
[BlackElo "1135"]
[TimeControl "300"]
[EndTime "5:25:59 PDT"]
[Termination "defenderalist won on time"]

1. e4 e5 2. Nf3 d6 3. Bc4 Be7 4.
Nc3 Nd7 5. h3 Nb6 6. Bb3 Nf6 7.
d3 Be6 8. O-O O-O 9. Bg5 h6 10.
Bh4 g5 11. Bg3 Qd7 12. Bxe6 fxe6 13. Ne2 Nh5 14. c3 Nf4 15. d4 exd4 16. cxd4 Qe8 17. Qd2 Qh5 18. Bxf4 gxf4 19. Nxf4 Qf7 20. Ne2 Nc4 21.
Qxh6 Qg7 22. Qxg7+ Kxg7 23. b3 Na3 24. Rac1 c5 25.
dxc5 dxc5 26. e5 b6 27. Ng3 a5 28. Ne4 a4 29. Rfd1 axb3 30. axb3 Rfd8 31. Nd6 Kg6 32.
Nh2 Bg5 33. Rc3 Bf4 34. Ng4 Nb5 35. Rcd3 Nd4 36. Nc4 b5 37. Nd2 c4 38. bxc4 bxc4 39.
Nxc4 Ra2 40. Rxd4 Rxd4 41. Nge3 Bxe3 42. Nxe3 Rxd1+ 43. Nxd1 Ra1 44. Kh2 Rxd1 45. Kg3 Kf5 46. f3 Kxe5 47. Kf2 Rd2+ 48. Kg3 1-0

[Event "Live Chess"]
[Site "Chess.com"]
[Date "2023.05.21"]
[Round "-"]
[White "seasidecastle27"]
[Black "Biranidun"]
[Result "0-1"]
[WhiteElo "1890"]
[BlackElo "2523"]
[TimeControl "300"]
[EndTime "5:25:59 PDT"]
[Termination "Biranidun won by resignation"]

1. d4 Nf6 2. Nf3 g6 3. Bf4 Bg7 4. e3 O-O 5. Bd3 d6 6. Nbd2 b6 7. h3 Bb7 8. Qe2 a6 9. O-O Nbd7 10. e4 Re8 11. e5 Nd5 12. Bg5 h6 13. Bh4 dxe5 14.
dxe5 Nf4 15. Qe3 Nxd3 16. cxd3 Nc5 17. d4 Ne6 18. Rad1 Bd5 19. b3 a5 20. Ne4 a4 21.
Nc3 axb3 22. Nxd5 Qxd5 23. axb3 Ra3 24. Rb1 g5 25. Bg3 Rd8 26. Rfd1 c5 27. dxc5 Qxd1+ 28. Rxd1 Rxd1+ 29. Kh2 Raa1 30. Bh4 gxh4 31. g4 hxg3+ 32. Kxg3 bxc5 33. Nh4 Nd4 34. b4 Re1 35. Qc3 Ne2+ 0-1

[Event "Live Chess"]
[Site "Chess.com"]
[Date "2023.05.21"]
[Round "-"]
[White "KeithArkell"]
[Black "Crowded_House"]
[Result "1-0"]
[WhiteElo "2479"]
[BlackElo "1605"]
[TimeControl "300"]
[EndTime "5:26:21 PDT"]
[Termination "KeithArkell won by resignation"]

1. d4 d5 2. Nf3 c6 3. c4 e6 4. cxd5 exd5 5. Nc3 Bd6 6. Qc2 Nd7 7. Bg5 Be7 8. Bxe7 Nxe7 9. e3 O-O 10. Bd3 Ng6 11. O-O Nf6 12. Ne5 Re8 13. Nxg6 fxg6 14. b4 Bd7 15. Rab1 Qc7 16. Rfc1 Ng4 17. g3 Rf8 18. Rf1 Rf3 19. Nxd5 Qd6 20. Nf4 g5 21. Bxh7+ Kh8 22. Be4 gxf4 23. Bxf3 fxg3 24. hxg3 Qh6 25. Bxg4 Bxg4 26.
Qe4 Qh5 27. Qh1 g6 28. Qxh5+ gxh5 29. Kg2 Rf8 30. f3 Be6 31. Rh1 Bf7 32. a4 Kg7 33. b5 cxb5 34. Rxb5 b6 35. a5 bxa5 36. Rxa5 Ra8 37.
Rha1 a6 38. Rxa6 Rxa6 39. Rxa6 Bg6 40. Rxg6+ Kxg6 41. Kh3 Kg5 42. e4 Kf6 43. Kh4 Kg6 44. d5 Kh6 45. d6 Kg6 46. d7 1-0

[Event "Live Chess"]
[Site "Chess.com"]
[Date "2023.05.21"]
[Round "-"]
[White "Doge_Dandolo"]
[Black "ChessTWSS"]
[Result "1-0"]
[WhiteElo "1910"]
[BlackElo "1605"]
[TimeControl "300"]
[EndTime "5:26:23 PDT"]
[Termination "Doge_Dandolo won by checkmate"]

1. Nf3 c5 2. c4 Nc6 3. d4 cxd4 4. Nxd4 e6 5. g3 Nf6 6. Bg2 Bc5 7. Nb3 Bb4+ 8. Nc3 O-O 9. O-O Bxc3 10. bxc3 a6 11. c5 d5 12. cxd6 Qd7 13. c4 Rd8 14. c5 b6 15. Bf4 b5 16. Qc2 a5 17. Rfd1 a4 18. Nd4 Nd5 19. Nxb5 Ra5 20. Nc3 Rxc5 21. Bxd5 Nb4 22. Qd2 exd5 23. a3 d4 24. Ne4 Na6 25. Nxc5 Nxc5 26. Qxd4 Nb3 27. Qc4 Nxa1 28. Rxa1 Qe6 29.
Qc7 Qd7 30. Rc1 Qxc7 31. dxc7 Rd7 32. f3 Rd2 33. Kf2 Ra2 34. Bd6 Rb2 35. Rc4 h5 36.
Rxa4 g5 37. Ra8 f5 38. Rxc8+ Kf7 39. Rf8+ Ke6 40. c8=Q+ Kxd6 41. Rf6+ Ke5 42. Qe6+ Kd4 43. Qd6+ Kc3 44. Qd3# 1-0

[Event "Live Chess"]
[Site "Chess.com"]
[Date "2023.05.21"]
[Round "-"]
[White "AMCWAML"]
[Black "CrypticF1"]
[Result "1-0"]
[WhiteElo "2324"]
[BlackElo "446"]
[TimeControl "300"]
[EndTime "5:26:36 PDT"]
[Termination "AMCWAML won by checkmate"]

1. e4 c5 2. Nf3 Nc6 3. d4 cxd4 4.
Nxd4 Nxd4 5. Qxd4 Nf6 6. Nc3 d6 7. Bc4 Be6 8. Bxe6 fxe6 9. e5 dxe5 10. Qxe5 Qd7 11. O-O O-O-O 12. Nb5 Nd5 13. Nxa7# 1-0

[Event "Live Chess"]
[Site "Chess.com"]
[Date "2023.05.21"]
[Round "-"]
[White "JohanKjeldahl"]
[Black "MJMykh"]
[Result "1-0"]
[WhiteElo "1865"]
[BlackElo "1174"]
[TimeControl "300"]
[EndTime "5:26:44 PDT"]
[Termination "JohanKjeldahl won by checkmate"]

1. e4 e5 2. Nf3 Nc6 3. d4 exd4 4. c3 dxc3 5. Bc4 Nf6 6. Nxc3 h6 7. O-O Bb4 8. e5 Bxc3 9. bxc3 Ng8 10. Qd5 Qe7 11. Re1 Qe6 12. Qc5 Qe7 13. Ba3 Qxc5 14. Bxc5 Nge7 15.
Rad1 O-O 16. Bb5 Re8 17. Rd2 a6 18. Ba4 b5 19. Bb3 Na5 20. Bc2 Nc4 21. Rde2 Bb7 22. Nd4 Nd5 23. Nf5 Nxc3 24. Ne7+ Kh8 25. f3 Nxe2+ 26.
Rxe2 Na5 27. Nf5 Nc6 28. f4 f6 29. Nh4 fxe5 30. fxe5 Nxe5 31. Rxe5 Rxe5 32. Ng6+ Kg8 33.
Nxe5 d6 34. Bb3+ Kf8 35. Ng6+ Ke8 36. Be3 Kd7 37. Kf2 a5 38. Nf4 a4 39. Be6+ Kc6 40. Bd5+ Kd7 41. Bxb7 Rb8 42. Bd5 c6 43. Be6+ Kc7 44. Ke2 c5 45. Kd3 Kc6 46. Bd5+ Kd7 47. Ne6 c4+ 48. Kc3 Rc8 49. Nxg7 Ke7 50. Nf5+ Kf6 51.
g4 Ke5 52. Bb7 Rb8 53. Bg2 Rh8 54. Bd4+ Ke6 55. Bxh8 d5 56. Nd4+ Kd6 57. Nxb5+ Kc5 58. Nd4 Kd6 59. a3 Kc5 60. Bg7 Kd6 61. Bxh6 Ke7 62.
Bg5+ Kf7 63. Bxd5+ Kg6 64. h4 Kh7 65. Be4+ Kg7 66. Kxc4 Kh8 67. h5 Kg8 68. Ne6 Kf7 69.
Kd5 Kg8 70. Ke5 Kf7 71. Bg6+ Kg8 72. Kf5 Kh8 73. Bf6+ Kg8 74. Be8 Kh7 75. Kg5 Kg8 76. Nd8 Kh7 77. Bxa4 Kg8 78. Bb3+ Kh7 79. Nf7 Kg8 80.
a4 Kh7 81. a5 Kg8 82. a6 Kf8 83. a7 Kg8 84. a8=R+ Kh7 85. Rh8# 1-0

[Event "Live Chess"]
[Site "Chess.com"]
[Date "2023.05.21"]
[Round "-"]
[White "The_Straightforward_Rook"]
[Black "yarek"]
[Result "1-0"]
[WhiteElo "1986"]
[BlackElo "1868"]
[TimeControl "300"]
[EndTime "5:26:56 PDT"]
[Termination "The_Straightforward_Rook won on time"]

1. d4 g6 2. c4 c6 3. Nc3 d5 4.
Nf3 Bg7 5. Bf4 dxc4 6. e3 b5 7. a4 b4 8. Ne4 Ba6 9. Nc5 Qc8 10. Qc2 Nf6 11. Bxc4 Bxc4 12. Qxc4 a5 13. Ne5 O-O 14. O-O Nd5 15. Bg3 Bxe5 16. Bxe5 f6 17. Bg3 e6 18. e4 Nb6 19. Qxe6+ Qxe6 20. Nxe6 Rf7 21. b3 N8d7 22. Rac1 Rc8 23. f3 c5 24. Nxc5 Nxc5 25. Rxc5 Rxc5 26. dxc5 Nd7 27. c6 Ne5 28. Bxe5 fxe5 29.
Rc1 Rc7 30. Kf2 Kf7 31. Ke3 Ke6 32. g4 Kd6 33. f4 exf4+ 34. Kxf4 Rxc6 35. Rxc6+ Kxc6 36. Ke5 Kd7 37. Kf6 Ke8 38. g5 Kf8 39. e5 Ke8 40. e6 Kf8 41. e7+ Ke8 42. h3 h5 43. gxh6 g5 44. h7 g4 45. h8=Q+ Kd7 46. e8=Q+ Kd6 47.
Qe6+ Kc5 48. Qhc8+ Kd4 49. Qcd7+ Kc3 50. Qc4+ 1-0

[Event "Live Chess"]
[Site "Chess.com"]
[Date "2023.05.21"]
[Round "-"]
[White "zdanevych"]
[Black "daveeeeR"]
[Result "1-0"]
[WhiteElo "1527"]
[BlackElo "1292"]
[TimeControl "300"]
[EndTime "5:27:05 PDT"]
[Termination "zdanevych won by resignation"]

1. d4 d6 2. c4 Nf6 3. Nc3 Nbd7 4. e4 e5 5. d5 Be7 6. h3 O-O 7. Nf3 c6 8. Be3 cxd5 9. cxd5 a6 10. Be2 Nc5 11.
Bd3 Nxd3+ 12. Qxd3 Bd7 13. O-O Qe8 14. a4 b5 15. b3 bxa4 16. bxa4 Qc8 17. Rfc1 Qb7 18. Rab1 Bb5 19. Nxb5 axb5 20. Rxb5 Qa6 21. a5 Nd7 22.
Bb6 Nxb6 23. axb6 Rab8 24. Qb3 Rfc8 25. Rxc8+ Qxc8 26. Qb1 Qc4 27. b7 Bd8 28. Nd2 Qc3 29. Nb3 f6 30. Na5 Bxa5 31. Rxa5 Qc7 32. Rb5 Kf7 33.
Qb4 g5 34. Rb6 Ke7 35. g3 h5 36. Kg2 g4 37. hxg4 hxg4 38. Qb5 Kf7 39. Qc6 Qxc6 40. dxc6 Ke8 41. c7 Rxb7 42. Rxb7 Kd7 43. c8=Q+ Kxc8 44. Rf7 1-0

[Event "Live Chess"]
[Site "Chess.com"]
[Date "2023.05.21"]
[Round "-"]
[White "viktorskliarov"]
[Black "sanjesh_ananda"]
[Result "1-0"]
[WhiteElo "2649"]
[BlackElo "1236"]
[TimeControl "300"]
[EndTime "5:27:23 PDT"]
[Termination "viktorskliarov won by resignation"]

1. e4 e5 2. Nc3 Nf6 3. Bc4 Bc5 4.
d3 h6 5. h3 O-O 6. Nge2 Nc6 7.
a3 a5 8. Ng3 Kh8 9. O-O Rb8 10.
Kh2 d6 11. Be3 Nd4 12. Nce2 b5 13. Ba2 Be6 14. Nxd4 Bxd4 15. Bxd4 exd4 16. f4 Bxa2 17. Rxa2 Nd7 18. Ra1 Qf6 19. Qg4 Nc5 20. Rae1 Rfe8 21. e5 Qe7 22. Nf5 Qf8 23. Nxd4 d5 24. f5 Nd7 25. e6 Nf6 26. Qg3 c5 27. Nc6 Rbc8 28.
Ne5 fxe6 29. Ng6+ 1-0

[Event "Live Chess"]
[Site "Chess.com"]
[Date "2023.05.21"]
[Round "-"]
[White "domrobson"]
[Black "Biranidun"]
[Result "0-1"]
[WhiteElo "1741"]
[BlackElo "2523"]
[TimeControl "300"]
[EndTime "5:27:37 PDT"]
[Termination "Biranidun won by resignation"]

1. d4 Nf6 2. c3 g6 3. Bf4 Bg7 4. Nd2 O-O 5. e4 d6 6. Bd3 c5 7. Ngf3 Nbd7 8. e5 Nd5 9. Bg3 cxd4 10. cxd4 dxe5 11. dxe5 Nc5 12. Bc4 b5 13. Bxd5 Qxd5 14.
O-O Bb7 15. Nb3 Na4 16. Qxd5 Bxd5 17. Rad1 e6 18. Rd2 Bh6 19. Rc2 Rac8 20. Rfc1 Bxc1 0-1

[Event "Live Chess"]
[Site "Chess.com"]
[Date "2023.05.21"]
[Round "-"]
[White "mliszewski"]
[Black "mach247"]
[Result "1-0"]
[WhiteElo "1808"]
[BlackElo "1351"]
[TimeControl "300"]
[EndTime "5:27:48 PDT"]
[Termination "mliszewski won on time"]

1. d4 Nf6 2. Bg5 e6 3. Nd2 Be7 4. e3 d5 5. c3 h6 6. Bh4 Nbd7 7. f4 c5 8. Bd3 O-O 9. Ngf3 cxd4 10.
exd4 Nb6 11. O-O Bd7 12. Ne5 Rc8 13. Rf3 a6 14. Rg3 Bb5 15. Ndf3 Bxd3 16. Qxd3 Nc4 17. b3 Nxe5 18. fxe5 Nh7 19. Bxe7 Qxe7 20. Qe3 Kh8 21.
Rf1 f5 22. Qf4 g5 23. Qc1 f4 24. Rg4 h5 25. Nxg5 Nxg5 26. Rgxf4 Rxf4 27. Rxf4 Ne4 28. Qd1 Qg5 29. Qf3 Rg8 30. c4 Nd2 31. Qf2 Ne4 32. Qf3 h4 33. cxd5 exd5 34. Rf5 Qc1+ 35. Qf1 Qe3+ 36. Kh1 Qh6 37. Rf3 Qg6 38. Qe2 h3 39.
Rxh3+ 1-0

[Event "Live Chess"]
[Site "Chess.com"]
[Date "2023.05.21"]
[Round "-"]
[White "chessfiction"]
[Black "WelshTiger"]
[Result "0-1"]
[WhiteElo "2304"]
[BlackElo "2300"]
[TimeControl "300"]
[EndTime "5:28:02 PDT"]
[Termination "WelshTiger won by resignation"]

1. e4 c6 2. d4 d5 3. e5 c5 4.
Nf3 Nc6 5. dxc5 Bg4 6. Bb5 e6 7. Be3 Ne7 8. O-O Ng6 9. c4 Nxe5 10. Nxe5 Bxd1 11. Nxc6 bxc6 12. Bxc6+ Ke7 13. Bxa8 Be2 14.
Re1 Bxc4 15. Bc6 Qa5 16. Nc3 Kd8 17. a3 Qc7 18. Ba4 Bxc5 19. Bg5+ Be7 20. Bxe7+ Qxe7 21. Rad1 Qf6 22. Ne4 Qxb2 23. Rb1 Qxa3 24. Rb8+ Kc7 25. Rxh8 dxe4 26. Bc2 Qc3 27. Rc1 Qd2 28. Ra1 Qxc2 29. h3 a6 30. Rxh7 Qc3 31. Re1 Qxe1+ 0-1

[Event "Live Chess"]
[Site "Chess.com"]
[Date "2023.05.21"]
[Round "-"]
[White "JohanKjeldahl"]
[Black "Berdgross"]
[Result "1-0"]
[WhiteElo "1865"]
[BlackElo "682"]
[TimeControl "300"]
[EndTime "5:28:12 PDT"]
[Termination "JohanKjeldahl won by checkmate"]

1. e4 e5 2. Nf3 d6 3. d4 Bg4 4.
Bc4 exd4 5. Qxd4 Bxf3 6. gxf3 Nf6 7. Nc3 Nc6 8. Qe3 Be7 9. Bd2 O-O 10. O-O-O h6 11. Rhg1 a6 12. Qxh6 Nd4 13. Rxg7# 1-0

[Event "Live Chess"]
[Site "Chess.com"]
[Date "2023.05.21"]
[Round "-"]
[White "Hacker_2009"]
[Black "Ferrarifan27"]
[Result "1-0"]
[WhiteElo "1948"]
[BlackElo "2060"]
[TimeControl "300"]
[EndTime "5:28:13 PDT"]
[Termination "Hacker_2009 won by checkmate"]

1. d4 Nf6 2. Nf3 e6 3. c4 b6 4. Nc3 Bb7 5. e3 Bb4 6. Bd2 d6 7. a3 Bxc3 8. Bxc3 O-O 9. Bd3 Nbd7 10. O-O Qe7 11. Rc1 Rad8 12. b4 Rfe8 13. Bb1 e5 14.
Bb2 h6 15. Qc2 Be4 16. Qe2 exd4 17. Nxd4 Ne5 18. Bxe4 Nxe4 19. Rfd1 Qh4 20. Nf3 Nxf3+ 21. Qxf3 Ng5 22. Qg3 Qxg3 23. hxg3 Ne4 24. Rd4 Ra8 25. b5 Nc5 26. Rg4 g6 27. Rh4 Kh7 28. Rf4 Re7 29.
Bf6 Rd7 30. Bd4 Nd3 31. Rd1 Nxf4 32. gxf4 a6 33. a4 axb5 34. axb5 Ra4 35. Rc1 Rd8 36.
g4 Rda8 37. Kg2 f5 38. Kg3 fxg4 39. Kxg4 Kg8 40. Rh1 h5+ 41. Kg5 Kf7 42. f5 gxf5 43. Rxh5 Rxc4 44. Kxf5 Ra5 45. Rh7+ Ke8 46. Ke6 Rxd4 47.
Rh8# 1-0

[Event "Live Chess"]
[Site "Chess.com"]
[Date "2023.05.21"]
[Round "-"]
[White "grillage"]
[Black "TheSmoulderingMaster"]
[Result "0-1"]
[WhiteElo "1802"]
[BlackElo "1640"]
[TimeControl "300"]
[EndTime "5:28:16 PDT"]
[Termination "TheSmoulderingMaster won by checkmate"]

1. d4 Nf6 2. Nc3 d6 3. e4 g6 4. Bf4 Bg7 5. Qd2 O-O 6. O-O-O c6 7. Bh6 b5 8. Bxg7 Kxg7 9. h4 b4 10. Nb1 Nxe4 11. Qe3 d5 12. h5 e6 13. hxg6 fxg6 14. Qh6+ Kf7 15. Qxh7+ Ke8 16. Qxg6+ Kd7 17. Rh7+ Kd6 18.
f3 Qg5+ 19. Qxg5 Nxg5 20. Rg7 Nf7 21. c4 Ba6 22. c5+ Ke7 23. Bxa6 Nxa6 24. Nh3 Rg8 25. Rxg8 Rxg8 26. g4 Nc7 27. Re1 Nb5 28. Rd1 Rh8 29. Nf4 Rh2 30. a4 bxa3 31. Nxa3 Nxa3 32.
bxa3 Ng5 33. Re1 Nxf3 34. Rxe6+ Kd7 35. Rd6+ Kc7 36. Ne6+ Kb7 37. Nd8+ Kc7 38. Nxc6 Rh1+ 39. Kb2 Rh2+ 40. Kc3 Rg2 41. Rg6 Rg3 42. Rg7+ Kxc6 43. Kb4 Nxd4 44. Rg6+ Kc7 45. Rg7+ Kb8 46. g5 Rg4 47.
Ka5 Nc6+ 48. Kb5 Nd4+ 49. Ka6 Nf5 50. Rg8+ Kc7 51. Kxa7 Ra4# 0-1

[Event "Live Chess"]
[Site "Chess.com"]
[Date "2023.05.21"]
[Round "-"]
[White "garyjc"]
[Black "GwaryTek"]
[Result "0-1"]
[WhiteElo "1041"]
[BlackElo "2062"]
[TimeControl "300"]
[EndTime "5:28:17 PDT"]
[Termination "GwaryTek won by resignation"]

1. e4 Nf6 2. Nc3 d5 3. e5 Ne4 4. Nxe4 dxe4 5. Ne2 Qd5 6. Nc3 Qxe5 7. d4 exd3+ 8. Be3 dxc2 9. Qxc2 Nc6 10. Bd3 Nb4 11.
Qa4+ Nc6 12. O-O Bd7 13. Qb3 O-O-O 14. Rfe1 Be6 15. Qc2 Nb4 16. Qa4 Nxd3 17. Rf1 a6 0-1

[Event "Live Chess"]
[Site "Chess.com"]
[Date "2023.05.21"]
[Round "-"]
[White "MartynColebrook"]
[Black "LiamBellwood"]
[Result "0-1"]
[WhiteElo "966"]
[BlackElo "1914"]
[TimeControl "300"]
[EndTime "5:28:19 PDT"]
[Termination "LiamBellwood won by checkmate"]

1. e4 e6 2. d4 d5 3. exd5 exd5 4.
c4 Nf6 5. Nc3 Bb4 6. Qa4+ Nc6 7.
cxd5 Nxd5 8. Bd2 O-O 9. Nf3 Bg4 10. Nxd5 Bxd2+ 11. Nxd2 Qxd5 12. Bc4 Rfe8+ 13. Kf1 Qxd4 14. Qc2 Rad8 15. Nf3 Bxf3 16. gxf3 Nb4 17. Qb3 Nd5 18.
Kg2 c6 19. Rad1 Nf4+ 20. Kg3 Qf6 21. Rxd8 Qg5# 0-1

[Event "Live Chess"]
[Site "Chess.com"]
[Date "2023.05.21"]
[Round "-"]
[White "davigator"]
[Black "Tiltador"]
[Result "1-0"]
[WhiteElo "2313"]
[BlackElo "804"]
[TimeControl "300"]
[EndTime "5:28:39 PDT"]
[Termination "davigator won by checkmate"]

1. e4 d5 2. exd5 Qxd5 3. Nc3 Qd6 4. d4 Nc6 5. Nge2 e6 6. a3 Bd7 7. Bf4 Qe7 8. Bxc7 Nf6 9. Nb5 Nd5 10. Nd6+ Qxd6 11. Bxd6 Bxd6 12. c4 Nc7 13. g3 O-O 14.
Bg2 Na5 15. Qc2 Rab8 16. O-O b6 17. b4 Nc6 18. Rad1 Be7 19. d5 exd5 20. cxd5 Ne5 21. Qxc7 Rbc8 22. Qxe5 Bb5 23. Qxe7 Rfe8 24. Qxa7 Bxe2 25.
Rfe1 Bxd1 26. Rxd1 Rc2 27. d6 Rd8 28. d7 f6 29. Qxb6 Rxd7 30. Qb8+ Kf7 31. Rxd7+ Kg6 32. Be4+ f5 33. Qd6+ Kg5 34. Rxg7+ Kh5 35. Rxh7+ Kg5 36. Rg7+ Kh5 37. Bf3# 1-0

[Event "Live Chess"]
[Site "Chess.com"]
[Date "2023.05.21"]
[Round "-"]
[White "JoeyCage"]
[Black "Tushinskiy"]
[Result "0-1"]
[WhiteElo "2249"]
[BlackElo "2220"]
[TimeControl "300"]
[EndTime "5:28:50 PDT"]
[Termination "Tushinskiy won on time"]

1. e4 e5 2. Nf3 d6 3. d4 Bg4 4.
dxe5 Nd7 5. exd6 Bxd6 6. Nc3 Qe7 7. Be2 Ngf6 8. h3 Bh5 9. g4 Bg6 10. Bg5 O-O-O 11. Qc1 Bxe4 12. Nxe4 Qxe4 13. Be3 Ne5 14. O-O Nxf3+ 15. Bxf3 Qxf3 16. Rd1 Qxh3 17. Rd4 Nxg4 18.
Bf4 Bc5 19. Rxd8+ Rxd8 20. Bg3 Bxf2+ 21. Bxf2 Qh2+ 0-1

[Event "Live Chess"]
[Site "Chess.com"]
[Date "2023.05.21"]
[Round "-"]
[White "f4nomore"]
[Black "onemoretime1975"]
[Result "0-1"]
[WhiteElo "1402"]
[BlackElo "1857"]
[TimeControl "300"]
[EndTime "5:29:07 PDT"]
[Termination "onemoretime1975 won by resignation"]

1. b3 e5 2. Bb2 d6 3. e3 Nc6 4. Nf3 Nf6 5. Be2 g6 6. O-O Bg7 7. c4 O-O 8. d4 exd4 9. Nxd4 Nxd4 10. Bxd4 Ne4 11. Bxg7 Kxg7 12. Qd4+ Nf6 13. Nc3 Kg8 14. Ne4 Nxe4 15. Qxe4 Re8 16. Qd4 Bf5 17. Bf3 Rb8 18.
Rae1 Bd7 19. e4 Bc6 20. b4 b6 21. b5 Bb7 22. a4 Re5 23. Re3 Qe7 24. Rfe1 Re8 25. h3 h5 26. g3 Qe6 27. Bg2 Rc5 28.
Rc1 Qe5 29. Qd3 Ba8 30. f4 Qb2 31. Rc2 Qb1+ 32. Kh2 Qa1 33. e5 Bxg2 34. Rxg2 dxe5 35. fxe5 Rcxe5 36. Rf3 Re1 37. g4 h4 0-1

[Event "Live Chess"]
[Site "Chess.com"]
[Date "2023.05.21"]
[Round "-"]
[White "SupremeTactician"]
[Black "LL220284LL"]
[Result "1-0"]
[WhiteElo "2248"]
[BlackElo "2286"]
[TimeControl "300"]
[EndTime "5:29:09 PDT"]
[Termination "SupremeTactician won by resignation"]

1. e4 c5 2. Nf3 Nc6 3. d4 cxd4 4. Nxd4 g6 5. Be3 Bg7 6. c4 Nf6 7. Nc3 O-O 8. Be2 d6 9. O-O Bd7 10. f3 Nxd4 11. Bxd4 Bc6 12. Qd2 a5 13. Rac1 a4 14. Rfd1 a3 15. b3 Nd7 16. Nd5 Bxd4+ 17. Qxd4 Nc5 18.
e5 Ne6 19. Qe3 Bxd5 20. cxd5 Nc5 21. f4 Qb6 22. Rc4 Rfc8 23. Rdc1 Nd7 24. Rxc8+ 1-0

[Event "Live Chess"]
[Site "Chess.com"]
[Date "2023.05.21"]
[Round "-"]
[White "RockTroll"]
[Black "GEMdzq"]
[Result "1-0"]
[WhiteElo "2225"]
[BlackElo "2260"]
[TimeControl "300"]
[EndTime "5:29:18 PDT"]
[Termination "RockTroll won by checkmate"]

1. Nf3 c5 2. g3 Nc6 3. Bg2 Nf6 4.
O-O d5 5. d3 e5 6. Na3 Be7 7.
e4 dxe4 8. dxe4 Qc7 9. c3 h6 10. Nb5 Qb8 11. a4 O-O 12. h3 a6 13. Na3 Be6 14.
Qe2 b5 15. axb5 axb5 16. Be3 c4 17. Nh4 Nd7 18. Nf5 Bf6 19. Rfd1 Rd8 20. Nd6 b4 21. Naxc4 Rxa1 22. Rxa1 bxc3 23. bxc3 Be7 24. Nf5 Bf8 25.
Rd1 Qb5 26. Bf1 Nc5 27. Ncd6 Qxe2 28. Bxe2 Bxf5 29. Bxc5 Bxh3 30. g4 h5 31. f3 hxg4 32. fxg4 Ra8 33. Rd2 Ra1+ 34. Kh2 Bf1 35. Bd1 Ba6 36. Bb3 Bxd6 37. Rxd6 Bb5 38. Bd5 Na5 39. Rd8+ Kh7 40. Bxf7 Nb3 41. Be3 g6 42. Bxb3 Re1 43. Bg5 Rxe4 44. Rb8 Bd7 45. Rb7 Rxg4 46. Rxd7+ Kh8 47.
Bf6# 1-0

[Event "Live Chess"]
[Site "Chess.com"]
[Date "2023.05.21"]
[Round "-"]
[White "OleksiyJr1"]
[Black "raminguy"]
[Result "0-1"]
[WhiteElo "1029"]
[BlackElo "1955"]
[TimeControl "300"]
[EndTime "5:29:21 PDT"]
[Termination "raminguy won by resignation"]

1. e4 e5 2. Nf3 Nc6 3. Bc4 Bc5 4. Nc3 Nf6 5. d3 h6 6. O-O O-O 7. h3 a5 8. a4 d6 9. b3 Bb4 10. Bb2 Ne7 11. Qd2 c6 12. d4 Nxe4 13. Qe3 Nxc3 14. Bxc3 Bxc3 15. Qxc3 e4 16. Nd2 d5 17. Be2 Qb6 18.
Rfe1 Nf5 19. Bg4 Nxd4 20. Bxc8 Raxc8 21. f3 exf3 22. Nxf3 Nxf3+ 23. Kf1 Qg1+ 24. Ke2 Nxe1 25. Rxe1 Rce8+ 26. Kd1 Rxe1+ 27. Qxe1 Qxe1+ 28. Kxe1 Re8+ 29. Kd2 Re4 30. Kd3 f5 0-1

[Event "Live Chess"]
[Site "Chess.com"]
[Date "2023.05.21"]
[Round "-"]
[White "Chesscoach_Golichenko"]
[Black "LiamClery2020"]
[Result "1-0"]
[WhiteElo "2613"]
[BlackElo "1988"]
[TimeControl "300"]
[EndTime "5:29:40 PDT"]
[Termination "Chesscoach_Golichenko won by resignation"]

1. d4 Nf6 2. c4 g6 3. Nc3 d5 4. cxd5 Nxd5 5. e4 Nxc3 6. bxc3 Bg7 7. Bc4 c5 8. Ne2 cxd4 9. cxd4 Nc6 10. Be3 Qa5+ 11.
Qd2 Qxd2+ 12. Kxd2 O-O 13. Rhd1 Rd8 14. Ke1 Bg4 15. f3 Bd7 16. Rac1 Rac8 17. Bb3 Na5 18. d5 Nxb3 19. axb3 a6 20. Bb6 Rxc1 21. Rxc1 Rc8 22.
Rxc8+ Bxc8 23. Bd4 Bxd4 24. Nxd4 Kf8 25. Kd2 e5 26. dxe6 Bxe6 27. Kc3 Ke7 28. g4 Kd6 29. g5 Bh3 30. f4 Bg2 31. Kd3 Bh1 32.
b4 Bg2 33. Nb3 Bf1+ 34. Kd4 b6 35. Nd2 Be2 36. e5+ Kc6 37. Ne4 a5 38. bxa5 bxa5 39.
Nd6 a4 40. Nxf7 a3 41. Kc3 Kd7 42. Nd6 Ke6 43. Kb3 1-0

[Event "Live Chess"]
[Site "Chess.com"]
[Date "2023.05.21"]
[Round "-"]
[White "KeithArkell"]
[Black "JoshMcK"]
[Result "1-0"]
[WhiteElo "2479"]
[BlackElo "1573"]
[TimeControl "300"]
[EndTime "5:29:44 PDT"]
[Termination "KeithArkell won by resignation"]

1. d4 d5 2. Nf3 Nf6 3. c4 e6 4. cxd5 exd5 5. Nc3 a6 6. Bg5 Be6 7. e3 h6 8. Bh4 Be7 9. Bd3 O-O 10. Qc2 Re8 11.
O-O c6 12. Bf5 Bxf5 13. Qxf5 Qd7 14. Qxd7 Nbxd7 15. Rab1 Ne4 16. Bxe7 Nxc3 17. bxc3 Rxe7 18. Rxb7 Kf8 19. Rfb1 c5 20. g4 Nf6 21. Rxe7 Kxe7 22.
Rb7+ Kf8 23. h3 Ne4 24. Ne5 f6 25. Ng6+ Kg8 26. Ne7+ Kh7 27. Nxd5 Nxc3 28. Nxc3 1-0

[Event "Live Chess"]
[Site "Chess.com"]
[Date "2023.05.21"]
[Round "-"]
[White "ElectricFalcon"]
[Black "luckywookie"]
[Result "0-1"]
[WhiteElo "1068"]
[BlackElo "797"]
[TimeControl "300"]
[EndTime "5:29:59 PDT"]
[Termination "luckywookie won by resignation"]

1. d4 c6 2. c4 d5 3. Nf3 Nf6 4. cxd5 Nxd5 5. e4 Nf6 6. Nc3 Bg4 7. Be2 e6 8. e5 Nd5 9. Nxd5 cxd5 10. Bg5 Qb6 11.
O-O Nc6 12. a4 Bb4 13. h3 Bf5 14. Nh4 Nxd4 15. Nxf5 Nxf5 16. Bb5+ Kf8 17. Qb3 a5 18. g4 h6 19. gxf5 hxg5 20. f6 Bc5 21. fxg7+ Kxg7 22. Qg3 Kg6 23. Bd3+ f5 24. Rae1 g4 25. Qxg4+ Kf7 26.
Qg5 Rag8 27. Qxg8+ Rxg8+ 28. Kh2 Bd4 29. Be2 Bxe5+ 30. Kh1 Qd4 31. Bh5+ Kf6 32. Rg1 Qe4+ 0-1

[Event "Live Chess"]
[Site "Chess.com"]
[Date "2023.05.21"]
[Round "-"]
[White "HoarseyHorsey"]
[Black "GwaryTek"]
[Result "0-1"]
[WhiteElo "1484"]
[BlackElo "2063"]
[TimeControl "300"]
[EndTime "5:30:23 PDT"]
[Termination "GwaryTek won by resignation"]

1. d4 c5 2. d5 e5 3. dxe6 fxe6 4.
c4 Nf6 5. Nc3 Be7 6. Bf4 O-O 7.
e3 Nc6 8. Bd3 d5 9. cxd5 exd5 10. Nf3 d4 11. exd4 cxd4 12. Ne2 Nd5 13. Bg3 Qa5+ 14.
Qd2 Bb4 0-1

[Event "Live Chess"]
[Site "Chess.com"]
[Date "2023.05.21"]
[Round "-"]
[White "Biranidun"]
[Black "sanjesh_ananda"]
[Result "1-0"]
[WhiteElo "2523"]
[BlackElo "1236"]
[TimeControl "300"]
[EndTime "5:30:26 PDT"]
[Termination "Biranidun won by resignation"]

1. e4 e5 2. Nf3 Nc6 3. Bc4 Nf6 4.
Ng5 d5 5. exd5 Na5 6. Bb5+ c6 7. dxc6 Nxc6 8. Nc3 Bb4 9. O-O O-O 10. d3 Qb6 11. Bc4 h6 12. Be3 Bc5 13. Na4 Qd8 14. Nxf7 Qe7 15.
Bxc5 Qc7 16. Nxh6+ 1-0